 Dungeon Crawl Stone Soup version 0.27-a0-1431-gcffa5a9b16 (webtiles) character file.

Game seed: 3688388037365646906

114 barkas the Vexing (level 4, -2/39 HPs)
             Began as a Naga Arcane Marksman on July 2, 2021.
             Was an Initiate of Cheibriados.
             Slain by a goblin (3 damage)
             ... led by Robin
             ... on level 3 of the Dungeon.
             The game lasted 00:05:18 (3261 turns).

barkas the Vexing (Naga Arcane Marksman)            Turns: 3261, Time: 00:05:19

Health: -2/39      AC:  3    Str: 13    XL:     4   Next: 97%
Magic:  5/5        EV: 10    Int: 15    God:    Cheibriados [......]
Gold:   119        SH:  0    Dex: 13    Spells: 2/5 levels left

rFire    + . .     SeeInvis +   b - +3 whip
rCold    . . .     Faith    .   (no shield)
rNeg     . . .     Spirit   .   d - +0 robe
rPois    +         Reflect  .   (no helmet)
rElec    .         Harm     .   (no cloak)
rCorr    .         Rampage  .   n - +0 pair of gloves
Will     .....                  (no barding)
Stlth    +.........             (no amulet)
HPRegen  0.13/turn              f - ring of protection from fire
MPRegen  0.09/turn              (no ring)

@: silenced, very slow
A: AC +1, large, see invisible, deformed body, poison resistance, slowness 2,
spit poison 1, naga tail 1
a: Spit Poison, Renounce Religion


You were on level 3 of the Dungeon.
You worshipped Cheibriados.
Cheibriados was noncommittal.
You visited 1 branch of the dungeon, and saw 3 of its levels.

You collected 119 gold pieces.

Inventory:

Hand Weapons
 a - a +0 shortbow
 b - a +3 whip (weapon)
Missiles
 c - 12 arrows
 g - 2 atropa-tipped darts (quivered)
 l - 2 javelins
Armour
 d - a +0 robe (worn)
 n - a +0 pair of gloves (worn)
Jewellery
 f - a ring of protection from fire (left hand)
Wands
 i - a wand of polymorph (5)
 o - a wand of flame (20)
Scrolls
 j - a scroll of teleportation
 m - a scroll of fog {unknown}
 p - a scroll of magic mapping {unknown}
Potions
 e - a potion of attraction


   Skills:
 + Level 2.1 Fighting
 * Level 3.1 Bows
 - Level 1.5 Dodging
 + Level 2.8 Stealth
 + Level 1.0 Spellcasting
 + Level 3.6 Hexes


You had 2 spell levels left.
You knew the following spells:

 Your Spells              Type           Power      Damage    Failure   Level
a - Corona                Hex            12%        N/A       5%          1
b - Slow                  Hex            11%        N/A       9%          2

Your spell library contained the following spells:

 Spells                   Type           Power      Damage    Failure   Level
 Poisonous Vapours        Pois/Air       0%         N/A       36%         2
 Inner Flame              Hex/Fire       6%         N/A       34%         3
 Portal Projectile        Hex/Tloc       12%        N/A       34%         3
 Cause Fear               Hex            5%         N/A       50%         4
 Mephitic Cloud           Conj/Pois/Air  0%         N/A       58%         3
 Leda's Liquefaction      Hex/Erth       3%         N/A       75%         4
 Freezing Cloud           Conj/Ice/Air   0%         6-21      100%        5


Dungeon Overview and Level Annotations

Branches:
Dungeon (3/15)

Altars:
Cheibriados
Nemelex Xobeh
Uskayaw

Annotations:
D:3 Robin


Innate Abilities, Weirdness & Mutations

Your serpentine skin is tough. (AC +1)
You have supernaturally acute eyesight. (SInv)
Armour fits poorly on your strangely shaped body.
Your system is resistant to poisons. (rPois)
You cover ground very slowly.
You can spit poison.
You have a snake-like lower body.


Message History

The goblin hits you with a +0 dagger.
The goblin shouts!
You whack the goblin!
You kill the goblin!
Cheibriados appreciates the change of pace.
A goblin comes into view. It is wielding a +0 dagger.
The goblin hits you with a +0 club.
The goblin shouts!
You hit the goblin.
The goblin is heavily wounded.
You hear a shout!
Robin says, "Bow before me, strongest of all the hobgoblins!"
Robin throws the goblin at you! The goblin barely misses you.
The goblin hits you with a +0 club.
You whack the goblin!
You kill the goblin!
Cheibriados thoroughly appreciates the change of pace.
The goblin is no longer blind.
The goblin hits you with a +0 club.
Unknown command.
Press: ? - help, Shift-Dir - straight line, f/p - hobgoblin
Aim: a hobgoblin (strong)
The splash of poison hits the goblin!
The goblin is poisoned.
You kill the goblin!
Cheibriados appreciates the change of pace.
A centaur comes into view.
The goblin barely misses you.
Unknown command.
You hit the goblin.
You kill the goblin!
Cheibriados thoroughly appreciates the change of pace.
Robin throws the goblin at you!
The goblin hits you with a +1 dagger of electrocution.
You are electrocuted!!
* * * LOW HITPOINT WARNING * * *
As you read the scroll labelled FAIWUTZARA, it crumbles to dust.
A profound silence engulfs you.
It was a scroll of silence.
You have got your breath back.
The goblin barely misses you.
The goblin hits you with a +1 dagger of electrocution.
You die...

.#### ...... .### .....
...##############..##
.#....>....gg.รท.....#
.#############...c#....
######## ##...#.?# .
.......# #..#..g##
^......# #.##.#g#
.......# #.##.#@#
.......# #.##.#g####
.......####.....gg.gg...
................gg...g..
.......##.##...........#
..........##...........#
........###............#
........##.............#
............############


You could see a centaur, Robin, 2 hobgoblins and 4 goblins.

Vanquished Creatures
  Ijyb (D:3)
  A gnoll (D:1)
  An adder (D:3)
  A worm (D:3)
  A dart slug (D:2)
  3 orcs (D:3)
  4 endoplasms
  A giant cockroach (D:1)
  11 goblins
  5 hobgoblins
  3 jackals (D:1)
  3 kobolds
  2 quokkas (D:2)
  7 ball pythons
  5 bats
  5 frilled lizards
  5 rats (D:2)
59 creatures vanquished.

Notes
Turn   | Place    | Note
-------+----------+-------------------------------------------
     0 | D:1      | barkas the Naga Arcane Marksman began the quest for the
                  | Orb.
     0 | D:1      | Reached XP level 1. HP: 18/18 MP: 2/2
   152 | D:1      | You fall into a shaft and drop 1 floor!
   170 | D:2      | Found a faded altar of an unknown god.
   175 | D:2      | Reached skill level 1 in Stealth
   175 | D:2      | Reached XP level 2. HP: 25/25 MP: 3/3
   453 | D:1      | Reached XP level 3. HP: 20/31 MP: 2/4
  1747 | D:2      | Reached XP level 4. HP: 39/39 MP: 5/5
  2089 | D:3      | Found a sparkling altar of Nemelex Xobeh.
  2098 | D:3      | Found a snail-covered altar of Cheibriados.
  2099 | D:3      | Found a hide-covered altar of Uskayaw.
  2105 | D:3      | Became a worshipper of Cheibriados the Contemplative
  2244 | D:3      | Noticed Ijyb
  2289 | D:3      | Killed Ijyb
  2622 | D:3      | Learned a level 2 spell: Slow
  2868 | D:3      | Noticed Robin
  3259 | D:3      | Noticed a centaur
  3260 | D:3      | HP: 1/39 [goblin[Robin] (18)]
  3261 | D:3      | Slain by a goblin

Illustrated notes

Levels and vault maps discovered:
D:1:      scummos_arrival_simple_crosswalls, layout_loops_cross,
          minmay_heptomino_w4
D:2:      layout_basic, hellmonk_ecumenical_altar_pennies_from_heaven,
          bh_walls_and_bars
D:3:      layout_rooms, gammafunk_temple_overflow_forgotten,
          minmay_ogre_servants, uniq_ijyb, uniq_robin

Skill      XL: |  1  2  3  4 |
---------------+-------------+-----
Bows           | 2 3 |  3.1
Stealth        | 1 2 |  2.8
Fighting       | 2 |  2.1
Dodging        | |  1.5
Spellcasting   | |  1.0
Hexes          | |  3.6

Action                   |  1- 3 |  4- 6 || total
-------------------------+-------+-------++-------
Melee: Whip              |    34 |    37 ||    71
       Unarmed           |       |    11 ||    11
 Fire: Shortbow          |    24 |     7 ||    31
Throw: Dart              |       |     1 ||     1
 Cast: Corona            |    14 |     3 ||    17
 Abil: Spit Poison       |    24 |    16 ||    40
  Use: Scroll            |       |     3 ||     3
       Potion            |       |     2 ||     2
 Stab: Sleeping          |     1 |       ||     1
Armor: Robe              |     6 |    10 ||    16
Dodge: Dodged            |    20 |    33 ||    53

Table legend: (Time is in decaauts)
 A = Elapsed time spent in this place.
 B = Non-inter-level travel time spent in this place.
 C = Inter-level travel time spent in this place.
 D = Time resting spent in this place.
 E = Time spent auto-exploring this place.
 F = Levels seen in this place.
 G = Mean time per level.
                   A        B        C        D        E       F      G
               +--------+--------+--------+--------+--------+-----+--------+
         Total |   4033 |   3985 |     48 |    500 |   2871 |   3 | 1344.3 |
       Dungeon |   4033 |   3985 |     48 |    500 |   2871 |   3 | 1344.3 |
               +--------+--------+--------+--------+--------+-----+--------+

Top non-repeatable levels by time:
     D:2: 1965 daAuts
     D:3: 1046 daAuts
     D:1: 1021 daAuts
